General information
- name: BNet
- type: Ladder team game (AT/RT)
- host: Battle.net
- saver: IWinULose
map: Cherryville
- players: 8
- length: 183:59
- speed: Fast
- version: 1.26 W3XP
- replay type: Public
» download(486 KB)
Players
team 1 (winner)

»
spirit.hawk (
red | 76 APM | 1785 actions | 23:30)
3 Keeper of the Grove
2 Entangling Roots
1 Thorns Aura
3 Demon Hunter
2 Mana Burn
1 Evasion
» actions
| Assign group hotkey | 46 | |
| Basic commands | 31 | |
| Build / train | 80 | |
| Enter build submenu | 35 | |
| Enter hero's abilities submenu | 6 | |
| Give item / drop item | 1 | |
| Remove unit from queue | 6 | |
| Right click | 780 | |
| Select / deselect | 386 | |
| Select group hotkey | 312 | |
| Use ability | 102 | |
1785 total
» units
| Wisp | 31 | |
| Archer | 17 | |
| Huntress | 3 | |
| Hippogryph | 7 | |
58 total
» upgrades
| Strength of the Moon | 1 | |
| Improved Bows | 1 | |
| Reinforced Hides | 2 | |
| Strength of the Wild | 1 | |
| Hippogryph Taming | 1 | |
6 total
» buildings
| Moon Well | 6 | |
| Altar of Elders | 1 | |
| Ancient of War | 1 | |
| Ancient of Wonders | 1 | |
| Hunter's Hall | 1 | |
| Tree of Ages | 2 | |
| Ancient Protector | 10 | |
| Ancient of Wind | 1 | |
| Tree of Eternity | 2 | |
| Tree of Life | 3 | |
| Ancient of Lore | 1 | |
29 total
» build order
00:31 Moon Well
00:56 Altar of Elders
01:02 Ancient of War
01:33 Ancient of Wonders
02:05 Moon Well
02:53 Hunter's Hall
03:39 Tree of Ages
03:40 Tree of Ages
05:21 Ancient Protector
05:24 Ancient Protector
06:44 Ancient Protector
06:49 Moon Well
08:22 Ancient of Wind
08:55 Moon Well
11:40 Tree of Eternity
12:24 Ancient Protector
12:32 Tree of Life
13:11 Ancient Protector
13:14 Moon Well
14:38 Ancient of Lore
15:29 Moon Well
17:23 Tree of Life
17:58 Ancient Protector
18:03 Ancient Protector
19:29 Tree of Life
19:34 Ancient Protector
19:40 Ancient Protector
19:44 Ancient Protector
» items
shame (
teal | 56 APM | 1455 actions | 25:53)
4 Death Knight
2 Death Coil
2 Unholy Aura
3 Lich
2 Frost Nova
1 Frost Armor
» actions
| Assign group hotkey | 6 | |
| Basic commands | 16 | |
| Build / train | 78 | |
| Enter build submenu | 28 | |
| Enter hero's abilities submenu | 7 | |
| Give item / drop item | 5 | |
| Remove unit from queue | 6 | |
| Right click | 867 | |
| Select / deselect | 368 | |
| Select group hotkey | 8 | |
| Use ability | 66 | |
1455 total
» units
| Acolyte | 20 | |
| Ghoul | 3 | |
| Crypt Fiend | 9 | |
| Obsidian Statue | 4 | |
| Frost Wyrm | 3 | |
39 total
» upgrades
| Creature Attack | 2 | |
| Web | 1 | |
| Creature Carapace | 1 | |
| Destroyer Form | 1 | |
5 total
» buildings
| Graveyard | 1 | |
| Crypt | 1 | |
| Altar of Darkness | 1 | |
| Ziggurat | 9 | |
| Tomb of Relics | 3 | |
| Nerubian Tower | 4 | |
| Halls of the Dead | 1 | |
| Spirit Tower | 3 | |
| Slaughterhouse | 1 | |
| Black Citadel | 1 | |
| Necropolis | 3 | |
| Sacrificial Pit | 1 | |
| Boneyard | 1 | |
30 total
» build order
00:28 Graveyard
00:34 Crypt
00:53 Altar of Darkness
01:08 Ziggurat
01:17 Tomb of Relics
01:35 Ziggurat
03:18 Nerubian Tower
04:01 Halls of the Dead
04:17 Ziggurat
04:39 Nerubian Tower
05:29 Spirit Tower
06:54 Slaughterhouse
08:06 Ziggurat
08:35 Black Citadel
08:51 Necropolis
10:13 Spirit Tower
12:02 Sacrificial Pit
12:56 Boneyard
13:55 Tomb of Relics
14:28 Ziggurat
14:57 Ziggurat
14:58 Ziggurat
15:22 Necropolis
15:39 Nerubian Tower
16:10 Spirit Tower
16:11 Nerubian Tower
16:26 Tomb of Relics
22:40 Necropolis
24:07 Ziggurat
24:09 Ziggurat
» items
| Rod of Necromancy | 1 | |
| Dust of Appearance | 7 | |
| Scroll of Protection | 1 | |
| Orb of Corruption | 1 | |
| Sacrificial Skull | 2 | |
| Scroll of Town Portal | 2 | |
14 total

»
cIanLYGchiefMHs (
yellow | 20 APM | 1737 actions | 89:01)
2 Priestess of the Moon
1 Searing Arrows
1 Trueshot Aura
» actions
| Assign group hotkey | 18 | |
| Basic commands | 32 | |
| Build / train | 120 | |
| ESC pressed | 1 | |
| Enter build submenu | 102 | |
| Enter hero's abilities submenu | 2 | |
| Right click | 552 | |
| Select / deselect | 593 | |
| Select group hotkey | 124 | |
| Use ability | 193 | |
1737 total
» units
» upgrades
| Improved Bows | 1 | |
| Nature's Blessing | 1 | |
| Ultravision | 1 | |
| Strength of the Moon | 1 | |
4 total
» buildings
| Moon Well | 8 | |
| Altar of Elders | 4 | |
| Ancient of War | 1 | |
| Ancient of Wonders | 1 | |
| Tree of Ages | 1 | |
| Hunter's Hall | 5 | |
| Ancient Protector | 62 | |
| Tree of Life | 5 | |
87 total
» build order
00:20 Moon Well
00:34 Altar of Elders
00:48 Ancient of War
01:33 Ancient of Wonders
01:49 Moon Well
02:13 Moon Well
04:18 Tree of Ages
04:54 Hunter's Hall
06:38 Ancient Protector
06:41 Ancient Protector
06:44 Ancient Protector
06:52 Ancient Protector
06:56 Ancient Protector
07:00 Ancient Protector
07:37 Ancient Protector
07:41 Ancient Protector
08:05 Ancient Protector
08:15 Ancient Protector
08:55 Ancient Protector
09:41 Ancient Protector
13:03 Moon Well
15:05 Moon Well
24:58 Ancient Protector
25:00 Ancient Protector
25:29 Ancient Protector
25:31 Ancient Protector
25:34 Ancient Protector
28:17 Ancient Protector
28:19 Ancient Protector
28:20 Ancient Protector
28:22 Ancient Protector
28:29 Altar of Elders
31:00 Altar of Elders
31:03 Moon Well
31:04 Moon Well
33:08 Ancient Protector
33:10 Ancient Protector
33:12 Ancient Protector
33:13 Ancient Protector
33:16 Ancient Protector
33:24 Ancient Protector
33:27 Ancient Protector
33:34 Ancient Protector
33:37 Ancient Protector
33:43 Ancient Protector
34:15 Ancient Protector
34:58 Ancient Protector
35:07 Ancient Protector
35:15 Ancient Protector
35:18 Ancient Protector
36:02 Ancient Protector
36:07 Ancient Protector
36:12 Ancient Protector
36:44 Ancient Protector
36:48 Ancient Protector
36:53 Ancient Protector
36:56 Ancient Protector
37:06 Ancient Protector
37:11 Ancient Protector
38:49 Hunter's Hall
39:04 Hunter's Hall
39:23 Hunter's Hall
40:26 Ancient Protector
40:35 Ancient Protector
40:43 Ancient Protector
41:01 Ancient Protector
41:07 Ancient Protector
41:13 Ancient Protector
41:15 Ancient Protector
41:18 Ancient Protector
41:30 Ancient Protector
41:49 Ancient Protector
42:02 Ancient Protector
42:17 Ancient Protector
46:11 Ancient Protector
46:13 Ancient Protector
46:18 Ancient Protector
46:22 Ancient Protector
46:28 Ancient Protector
50:44 Tree of Life
50:48 Moon Well
50:52 Altar of Elders
51:14 Tree of Life
51:20 Tree of Life
51:50 Tree of Life
52:55 Hunter's Hall
54:54 Tree of Life
» items
| Dust of Appearance | 1 | |
| Scroll of Town Portal | 1 | |
2 total
IWinULose (
pink | 16 APM | 2931 actions | 183:59)
6 Blademaster
3 Wind Walk
2 Critical Strike
1 Bladestorm
» actions
| Assign group hotkey | 92 | |
| Basic commands | 47 | |
| Build / train | 138 | |
| ESC pressed | 11 | |
| Enter build submenu | 58 | |
| Enter hero's abilities submenu | 6 | |
| Give item / drop item | 4 | |
| Right click | 1430 | |
| Select / deselect | 337 | |
| Select group hotkey | 589 | |
| Use ability | 219 | |
2931 total
» units
| Peon | 31 | |
| Grunt | 10 | |
| Wind Rider | 6 | |
| Demolisher | 4 | |
| Kodo Beast | 1 | |
| Raider | 1 | |
| Troll Batrider | 1 | |
54 total
» upgrades
| Armor | 3 | |
| Ranged Weapons | 4 | |
| Melee Weapons | 3 | |
| Berserker Strength | 1 | |
| Pillage | 1 | |
| Berserker Upgrade | 1 | |
| Reinforced Defenses | 1 | |
| Ensnare | 1 | |
| Troll Regeneration | 1 | |
| Envenomed Spears | 1 | |
| Spiked Barricades | 2 | |
| War Drums Damage Increase | 1 | |
20 total
» buildings
| Orc Burrow | 6 | |
| Altar of Storms | 1 | |
| Barracks | 1 | |
| Voodoo Lounge | 2 | |
| War Mill | 5 | |
| Stronghold | 6 | |
| Watch Tower | 38 | |
| Great Hall | 3 | |
| Fortress | 7 | |
| Beastiary | 4 | |
73 total
» build order
00:14 Orc Burrow
00:55 Orc Burrow
01:06 Altar of Storms
01:09 Barracks
01:56 Voodoo Lounge
02:09 Orc Burrow
03:51 War Mill
05:01 Stronghold
05:01 Stronghold
05:03 Orc Burrow
06:00 Watch Tower
06:05 Watch Tower
07:44 Great Hall
07:53 Watch Tower
07:56 Watch Tower
07:58 Watch Tower
08:04 Watch Tower
08:10 Watch Tower
08:43 Watch Tower
08:45 Watch Tower
09:04 Fortress
09:04 Fortress
09:21 Watch Tower
09:39 Beastiary
10:28 Watch Tower
10:40 Watch Tower
10:43 Watch Tower
10:55 Beastiary
11:06 Watch Tower
16:52 Beastiary
16:59 Beastiary
19:40 Great Hall
19:46 Watch Tower
19:49 Watch Tower
19:50 Watch Tower
19:51 Watch Tower
22:40 Voodoo Lounge
23:44 Great Hall
23:47 Watch Tower
23:49 Watch Tower
23:54 Watch Tower
23:57 Watch Tower
24:09 Orc Burrow
24:26 Orc Burrow
24:46 Watch Tower
25:32 Watch Tower
26:09 Watch Tower
28:39 Stronghold
28:39 Stronghold
30:41 Watch Tower
30:42 Watch Tower
30:43 Watch Tower
30:45 Watch Tower
30:46 Watch Tower
30:47 Watch Tower
30:49 Watch Tower
30:50 Watch Tower
30:51 Watch Tower
30:52 Watch Tower
30:53 Watch Tower
30:56 Watch Tower
31:00 Watch Tower
31:06 War Mill
31:07 War Mill
31:09 War Mill
31:10 War Mill
32:03 Fortress
32:03 Fortress
32:03 Fortress
» items
| Healing Salve | 5 | |
| Lesser Clarity Potion | 5 | |
| Boots of Speed | 1 | |
| Orb of Lightning | 1 | |
| Potion of Healing | 3 | |
| Potion of Mana | 1 | |
| Scroll of Town Portal | 1 | |
17 total
team 2 (loser)
JONNY-TRUE-LOVE (
blue | 27 APM | 2385 actions | 89:01)
2 Far Seer
1 Feral Spirit
1 Far Sight
» actions
| Assign group hotkey | 190 | |
| Basic commands | 23 | |
| Build / train | 75 | |
| Enter build submenu | 36 | |
| Enter hero's abilities submenu | 2 | |
| Give item / drop item | 2 | |
| Right click | 954 | |
| Select / deselect | 331 | |
| Select group hotkey | 648 | |
| Use ability | 124 | |
2385 total
» units
| Peon | 23 | |
| Goblin Sapper | 8 | |
| Goblin Shredder | 2 | |
33 total
» upgrades
» buildings
| Altar of Storms | 2 | |
| Orc Burrow | 7 | |
| Voodoo Lounge | 1 | |
| War Mill | 2 | |
| Stronghold | 2 | |
| Watch Tower | 23 | |
| Fortress | 1 | |
38 total
» build order
00:10 Altar of Storms
00:20 Orc Burrow
01:12 Voodoo Lounge
02:16 War Mill
10:07 Stronghold
10:07 Stronghold
10:11 Orc Burrow
11:13 Watch Tower
11:16 Watch Tower
12:14 Watch Tower
12:21 Watch Tower
12:28 Orc Burrow
13:07 Watch Tower
13:30 Watch Tower
15:19 Altar of Storms
15:30 Orc Burrow
15:46 Watch Tower
16:07 War Mill
17:00 Watch Tower
20:12 Watch Tower
20:15 Watch Tower
20:18 Watch Tower
20:21 Watch Tower
20:29 Watch Tower
20:43 Watch Tower
20:48 Watch Tower
22:39 Watch Tower
25:24 Watch Tower
25:29 Watch Tower
25:34 Watch Tower
25:38 Watch Tower
25:43 Watch Tower
26:31 Watch Tower
27:25 Watch Tower
35:24 Orc Burrow
35:50 Fortress
36:33 Orc Burrow
39:40 Orc Burrow
» items
| Scroll of Speed | 7 | |
| Lesser Clarity Potion | 11 | |
| Healing Salve | 2 | |
| Scroll of Healing | 1 | |
| Scroll of Protection | 1 | |
| Potion of Lesser Invulnerability | 3 | |
| Potion of Invisibility | 1 | |
| Orb of Lightning | 1 | |
| Tiny Great Hall | 2 | |
| Scroll of Town Portal | 1 | |
| Potion of Healing | 2 | |
| Potion of Mana | 1 | |
| Staff of Teleportation | 1 | |
34 total
politcly_corect (
green | 16 APM | 1419 actions | 89:01)
7 Blademaster
2 Wind Walk
3 Critical Strike
1 Bladestorm
1 Mirror Image
» actions
| Basic commands | 61 | |
| Build / train | 91 | |
| Enter build submenu | 33 | |
| Enter hero's abilities submenu | 8 | |
| Give item / drop item | 5 | |
| Right click | 688 | |
| Select / deselect | 448 | |
| Use ability | 85 | |
1419 total
» units
| Peon | 27 | |
| Grunt | 4 | |
| Troll Batrider | 10 | |
| Goblin Sapper | 4 | |
| Wind Rider | 12 | |
57 total
» upgrades
| Spiked Barricades | 3 | |
| Liquid Fire | 1 | |
| Reinforced Defenses | 1 | |
| Ranged Weapons | 3 | |
| Armor | 3 | |
| Envenomed Spears | 1 | |
| Melee Weapons | 1 | |
13 total
» buildings
| Orc Burrow | 9 | |
| Altar of Storms | 1 | |
| Voodoo Lounge | 1 | |
| Barracks | 1 | |
| Stronghold | 1 | |
| War Mill | 1 | |
| Great Hall | 3 | |
| Watch Tower | 15 | |
| Beastiary | 2 | |
| Fortress | 1 | |
35 total
» build order
00:12 Orc Burrow
00:16 Altar of Storms
01:06 Voodoo Lounge
01:15 Barracks
01:56 Orc Burrow
04:00 Stronghold
04:05 War Mill
04:18 Orc Burrow
05:38 Great Hall
06:26 Watch Tower
06:32 Watch Tower
06:39 Watch Tower
07:49 Beastiary
07:51 Beastiary
07:55 Watch Tower
08:17 Fortress
08:22 Watch Tower
10:52 Orc Burrow
11:54 Orc Burrow
12:45 Orc Burrow
12:57 Watch Tower
17:32 Watch Tower
19:51 Watch Tower
20:34 Orc Burrow
22:17 Orc Burrow
26:12 Great Hall
26:19 Great Hall
31:02 Watch Tower
31:04 Watch Tower
31:06 Watch Tower
31:08 Watch Tower
31:12 Watch Tower
31:14 Watch Tower
31:16 Watch Tower
36:47 Orc Burrow
» items
| Healing Salve | 2 | |
| Lesser Clarity Potion | 1 | |
| Circlet of Nobility | 2 | |
| Boots of Speed | 1 | |
| Potion of Healing | 1 | |
| Orb of Lightning | 1 | |
| Tiny Great Hall | 1 | |
| Scroll of Town Portal | 2 | |
11 total
CARL-SHOT-RICK (
orange | 45 APM | 4008 actions | 88:14)
8 Blademaster
3 Wind Walk
3 Critical Strike
1 Bladestorm
1 Mirror Image
4 Shadow Hunter
2 Hex
2 Healing Wave
» actions
| Assign group hotkey | 56 | |
| Basic commands | 171 | |
| Build / train | 97 | |
| Enter build submenu | 38 | |
| Enter hero's abilities submenu | 12 | |
| Give item / drop item | 1 | |
| Right click | 1730 | |
| Select / deselect | 462 | |
| Select group hotkey | 1179 | |
| Use ability | 262 | |
4008 total
» units
| Peon | 14 | |
| Wind Rider | 9 | |
| Goblin Shredder | 1 | |
| Goblin Zeppelin | 8 | |
| Troll Batrider | 5 | |
| Goblin Sapper | 8 | |
| Demolisher | 5 | |
50 total
» upgrades
| Reinforced Defenses | 1 | |
| Ranged Weapons | 2 | |
| Envenomed Spears | 1 | |
| Armor | 2 | |
| Liquid Fire | 1 | |
| Burning Oil | 1 | |
8 total
» buildings
| Altar of Storms | 1 | |
| Orc Burrow | 9 | |
| War Mill | 1 | |
| Voodoo Lounge | 5 | |
| Stronghold | 3 | |
| Watch Tower | 26 | |
| Fortress | 1 | |
| Beastiary | 4 | |
| Great Hall | 3 | |
| Barracks | 2 | |
55 total
» build order
00:07 Altar of Storms
00:21 Orc Burrow
01:24 War Mill
01:31 Voodoo Lounge
02:09 Stronghold
02:09 Stronghold
02:37 Watch Tower
02:37 Watch Tower
02:40 Watch Tower
03:08 Watch Tower
03:24 Orc Burrow
03:25 Orc Burrow
03:26 Orc Burrow
03:54 Watch Tower
04:24 Orc Burrow
04:44 Fortress
04:48 Beastiary
06:01 Beastiary
06:02 Beastiary
06:18 Watch Tower
06:19 Watch Tower
06:23 Voodoo Lounge
06:27 Voodoo Lounge
07:20 Great Hall
07:23 Watch Tower
07:24 Watch Tower
07:59 Watch Tower
08:35 Beastiary
08:56 Watch Tower
08:56 Watch Tower
09:10 Watch Tower
09:44 Orc Burrow
11:11 Watch Tower
11:12 Watch Tower
11:12 Watch Tower
11:58 Watch Tower
11:59 Watch Tower
11:59 Watch Tower
12:00 Watch Tower
12:00 Watch Tower
13:51 Voodoo Lounge
16:11 Orc Burrow
17:15 Watch Tower
17:15 Watch Tower
17:15 Watch Tower
20:01 Watch Tower
20:01 Watch Tower
26:07 Great Hall
26:09 Orc Burrow
26:09 Orc Burrow
26:26 Great Hall
41:40 Barracks
41:42 Barracks
41:55 Voodoo Lounge
» items
| Healing Salve | 1 | |
| Lesser Clarity Potion | 1 | |
| Staff of Teleportation | 2 | |
| Boots of Speed | 1 | |
| Scroll of Town Portal | 5 | |
| Orb of Lightning | 2 | |
| Potion of Lesser Invulnerability | 1 | |
| Tome of Retraining | 1 | |
14 total
TheBarbarian (
purple | 37 APM | 3288 actions | 89:01)
10 Blademaster
3 Wind Walk
3 Critical Strike
1 Bladestorm
3 Mirror Image
» actions
| Assign group hotkey | 39 | |
| Basic commands | 328 | |
| Build / train | 102 | |
| Enter build submenu | 47 | |
| Enter hero's abilities submenu | 10 | |
| Give item / drop item | 25 | |
| Remove unit from queue | 3 | |
| Right click | 1545 | |
| Select / deselect | 526 | |
| Select group hotkey | 208 | |
| Use ability | 455 | |
3288 total
» units
| Peon | 8 | |
| Grunt | 4 | |
| Goblin Shredder | 1 | |
| Goblin Zeppelin | 1 | |
| Troll Witch Doctor | 3 | |
| Goblin Sapper | 8 | |
| Wind Rider | 7 | |
32 total
» upgrades
| Armor | 3 | |
| Ranged Weapons | 4 | |
| Troll Regeneration | 1 | |
| Pillage | 1 | |
| Reinforced Defenses | 1 | |
| Spiked Barricades | 3 | |
| Envenomed Spears | 1 | |
14 total
» buildings
| Orc Burrow | 4 | |
| Altar of Storms | 1 | |
| Barracks | 1 | |
| Voodoo Lounge | 2 | |
| Stronghold | 1 | |
| War Mill | 2 | |
| Great Hall | 2 | |
| Fortress | 1 | |
| Watch Tower | 31 | |
| Spirit Lodge | 1 | |
| Beastiary | 4 | |
50 total
» build order
00:11 Orc Burrow
00:50 Altar of Storms
00:51 Barracks
01:08 Orc Burrow
01:59 Voodoo Lounge
02:51 Stronghold
04:01 War Mill
04:33 Orc Burrow
05:05 Great Hall
06:43 Fortress
07:03 Watch Tower
07:04 Watch Tower
07:04 Watch Tower
07:04 Watch Tower
07:30 Watch Tower
07:31 Watch Tower
07:32 Watch Tower
07:48 Orc Burrow
09:00 War Mill
09:07 Watch Tower
09:08 Watch Tower
09:09 Watch Tower
09:59 Spirit Lodge
12:44 Watch Tower
12:45 Watch Tower
12:49 Watch Tower
12:50 Watch Tower
12:52 Watch Tower
12:52 Watch Tower
15:19 Watch Tower
16:26 Watch Tower
16:27 Watch Tower
26:28 Voodoo Lounge
26:34 Great Hall
26:43 Watch Tower
26:44 Watch Tower
26:44 Watch Tower
26:48 Watch Tower
26:48 Watch Tower
26:48 Watch Tower
26:50 Watch Tower
26:51 Watch Tower
26:52 Watch Tower
26:55 Watch Tower
26:56 Watch Tower
27:56 Watch Tower
27:57 Beastiary
27:59 Beastiary
28:01 Beastiary
28:03 Beastiary
» items
| Healing Salve | 9 | |
| Potion of Healing | 6 | |
| Potion of Mana | 7 | |
| Scroll of Town Portal | 7 | |
| Lesser Clarity Potion | 6 | |
| Periapt of Vitality | 3 | |
| Potion of Lesser Invulnerability | 1 | |
| Orb of Lightning | 1 | |
40 total
Chat log
(00:06 / All) TheBarbarian: my desk is a mess
(00:33 / All) CARL-SHOT-RICK: is kodos forsaken the best 4s player ever
(01:08 / Allies) cIanLYGchiefMHs: Bms harasS?
(01:11 / Allies) cIanLYGchiefMHs: be rdy for it..
(02:16 / All) TheBarbarian: I want my
(02:18 / All) TheBarbarian: I want my
(02:19 / All) TheBarbarian: MTV
(02:59 / Allies) cIanLYGchiefMHs: wanna hit?
(03:20 / Allies) cIanLYGchiefMHs: creeping ur green
(03:22 / Allies) cIanLYGchiefMHs: bm is
(03:50 / All) politcly_corect: geezus teal
(04:07 / All) shame: rather the xp then the item
(04:29 / All) politcly_corect: then you good then
(04:39 / Allies) cIanLYGchiefMHs: pink
(04:42 / Allies) cIanLYGchiefMHs: come hit with me?
(05:14 / Allies) shame: red
(06:04 / Allies) cIanLYGchiefMHs: pink
(06:05 / Allies) cIanLYGchiefMHs: why
(06:08 / Allies) cIanLYGchiefMHs: u a solo cunt?
(06:08 / All) CARL-SHOT-RICK: nigger yellow
(06:12 / Allies) IWinULose: it's just a hero
(06:15 / All) politcly_corect: he burned a tp
(06:18 / Allies) IWinULose: me cc not rush
(06:26 / Allies) cIanLYGchiefMHs: ok
(06:27 / Allies) cIanLYGchiefMHs: GL buddy
(06:30 / Allies) cIanLYGchiefMHs: ur AWESOME
(06:32 / Allies) IWinULose: ty
(07:05 / Allies) spirit.hawk: nice teal
(08:36 / All) IWinULose: nice mh
(09:01 / All) JONNY-TRUE-LOVE: this noob said mh
(09:06 / All) JONNY-TRUE-LOVE: to expo check
(09:06 / All) JONNY-TRUE-LOVE: LOL
(09:09 / All) IWinULose: I've played you before
(09:11 / All) IWinULose: and I know you mh
(09:17 / All) IWinULose: nice far seer in 4v4 btw
(09:18 / All) IWinULose: LOL
(09:18 / All) JONNY-TRUE-LOVE: skills
(09:23 / All) IWinULose: you don't have them
(09:39 / All) JONNY-TRUE-LOVE: u wish u had them
(09:46 / All) JONNY-TRUE-LOVE: #1 player in battlenet
(09:47 / All) IWinULose: I'm 100x more skilled than you
(09:49 / All) IWinULose: shut the fuck up
(09:50 / All) JONNY-TRUE-LOVE: ROFL
(09:54 / All) IWinULose: kill yourself lol
(09:54 / All) JONNY-TRUE-LOVE: then u woke up
(09:58 / All) JONNY-TRUE-LOVE: #1
(10:04 / All) IWinULose: you should just leave already
(10:09 / All) IWinULose: the match was over when it began as you'll see
(10:20 / All) JONNY-TRUE-LOVE: cause im playing hero?
(10:31 / All) IWinULose: because you are garbage
(10:35 / All) JONNY-TRUE-LOVE: LOL
(10:40 / All) JONNY-TRUE-LOVE: u wouldnt kill a unit in 1v1
(10:46 / All) IWinULose: yeahk
(10:48 / All) IWinULose: 1v1 after
(10:51 / All) JONNY-TRUE-LOVE: ok
(11:01 / All) JONNY-TRUE-LOVE: if u killa unit
(11:05 / All) JONNY-TRUE-LOVE: ill say ur decent
(11:14 / All) IWinULose: I'll kill every unit and every structure
(11:23 / All) JONNY-TRUE-LOVE: but ur a 4s players
(11:25 / All) JONNY-TRUE-LOVE: who thinks hes pro..
(11:28 / All) IWinULose: I'm a professional
(11:33 / All) JONNY-TRUE-LOVE: ur sad u actually tryinf
(11:33 / All) JONNY-TRUE-LOVE: LOL
(11:41 / All) JONNY-TRUE-LOVE: in a 4s game
(11:47 / All) IWinULose: YOu'll see my business later
(11:57 / All) JONNY-TRUE-LOVE: ok fat kid
(12:02 / All) IWinULose: lol
(12:22 / All) politcly_corect: he has a FAMILY!!
(14:51 / All) IWinULose: nice tower placement
(15:20 / All) IWinULose: you are a great player blue
(15:36 / All) JONNY-TRUE-LOVE: ofc iam
(16:38 / All) IWinULose: lol
(16:42 / All) IWinULose: hahahahaha
(16:56 / All) IWinULose: can't wait to stomp you in solo
(16:58 / Allies) shame: repair
(17:04 / All) JONNY-TRUE-LOVE: rofl
(17:06 / All) JONNY-TRUE-LOVE: u will not win
(18:10 / All) JONNY-TRUE-LOVE: pro i give u an idea
(18:19 / All) JONNY-TRUE-LOVE: use sappers
(18:30 / All) IWinULose: ty for free xp
(18:36 / All) JONNY-TRUE-LOVE: trying to help
(18:37 / All) IWinULose: free xp is what u r 2 me
(18:55 / All) JONNY-TRUE-LOVE: use zap
(19:03 / All) IWinULose: I don't want to rush things
(19:14 / All) IWinULose: I like to take my time and enjoy it
(19:22 / All) JONNY-TRUE-LOVE: ok
(19:27 / Allies) spirit.hawk: TY
(19:34 / Allies) cIanLYGchiefMHs: hard ot beat mher huh?
(19:36 / Allies) cIanLYGchiefMHs: lmfao
(19:45 / All) TheBarbarian: lol teal
(19:46 / All) TheBarbarian: faggot
(19:48 / All) TheBarbarian: owned bitch
(19:54 / All) cIanLYGchiefMHs: turn off MH
(19:55 / All) shame: :(
(19:57 / All) cIanLYGchiefMHs: then try again
(19:58 / All) cIanLYGchiefMHs: loser.
(20:03 / All) TheBarbarian: nice name
(20:05 / All) JONNY-TRUE-LOVE: nice hack
(20:06 / All) TheBarbarian: you feelin it now/
(20:12 / Allies) IWinULose: do something noob
(20:13 / All) cIanLYGchiefMHs:
(20:13 / All) cIanLYGchiefMHs:
(20:14 / All) cIanLYGchiefMHs:
(20:15 / All) cIanLYGchiefMHs:
(20:16 / All) cIanLYGchiefMHs:
(20:30 / Allies) IWinULose: do something asshole yellow
(20:31 / All) JONNY-TRUE-LOVE: u panic?
(20:32 / Allies) cIanLYGchiefMHs: bahahahaha
(20:36 / All) IWinULose: yellow is a dumbass
(20:37 / Allies) cIanLYGchiefMHs: suck
(20:38 / Allies) cIanLYGchiefMHs: my
(20:39 / Allies) cIanLYGchiefMHs: big
(20:40 / Allies) cIanLYGchiefMHs: cock
(20:45 / All) cIanLYGchiefMHs: hahahahaha
(20:46 / All) cIanLYGchiefMHs:
(20:46 / All) cIanLYGchiefMHs:
(20:55 / All) cIanLYGchiefMHs: pink has 10k gold
(20:57 / All) cIanLYGchiefMHs: no shit
(20:59 / All) cIanLYGchiefMHs: bahahahahaha
(21:08 / All) JONNY-TRUE-LOVE: he thinks hes pro
(21:09 / All) cIanLYGchiefMHs: and no units...
(21:11 / All) cIanLYGchiefMHs: lmfao
(21:13 / All) JONNY-TRUE-LOVE: killing fs hero level 1
(21:14 / All) JONNY-TRUE-LOVE: Lol
(21:14 / All) cIanLYGchiefMHs: he loses
(21:15 / All) cIanLYGchiefMHs: u win
(21:16 / All) cIanLYGchiefMHs: bahahaha
(21:27 / All) JONNY-TRUE-LOVE: ofc no skills
(21:38 / All) cIanLYGchiefMHs: nope
(21:41 / All) cIanLYGchiefMHs: he mhs too
(21:43 / All) cIanLYGchiefMHs: pink does
(21:44 / All) shame: i lost
(21:44 / All) IWinULose: yeah yellow you have a lot of skill
(21:44 / All) JONNY-TRUE-LOVE: i know
(21:46 / All) shame: against 3
(21:48 / All) TheBarbarian: me love this game
(21:48 / All) JONNY-TRUE-LOVE: hes bad at haccking
(22:03 / All) IWinULose: good enough to beat a player on your level
(22:05 / All) cIanLYGchiefMHs: no make unit
(22:09 / All) cIanLYGchiefMHs: only bm harass mh
(22:10 / All) cIanLYGchiefMHs: ..
(22:12 / All) cIanLYGchiefMHs: typical
(22:16 / All) JONNY-TRUE-LOVE: im jsut haaving fun with trash
(22:20 / All) JONNY-TRUE-LOVE: come kill fs
(22:22 / All) IWinULose: yeah sure
(22:23 / All) cIanLYGchiefMHs: 10 k gold
(22:30 / All) IWinULose: you aren't trying lol
(22:32 / All) IWinULose: that's what they all say
(22:56 / All) TheBarbarian: COWARDS
(23:12 / All) TheBarbarian: I can't believe the cowardice1
(24:16 / All) IWinULose: yellow tk
(24:26 / All) JONNY-TRUE-LOVE: u lose either way
(24:29 / All) IWinULose: lol ok
(24:30 / All) IWinULose: sure buddy
(24:37 / All) JONNY-TRUE-LOVE: look with ur mh
(24:41 / All) JONNY-TRUE-LOVE: u have nothing but as blade
(24:58 / All) IWinULose: told you
(25:00 / All) IWinULose: game was over when it began
(25:01 / All) JONNY-TRUE-LOVE: too busy relying on mh
(25:12 / All) JONNY-TRUE-LOVE: u too busy on level 1 fs
(25:18 / All) JONNY-TRUE-LOVE: noob map hacker
(25:51 / All) shame: failed
(25:58 / All) JONNY-TRUE-LOVE: LOL
(26:13 / All) JONNY-TRUE-LOVE: they tryed so hard and lost
(26:22 / All) cIanLYGchiefMHs: well pink did
(26:23 / All) cIanLYGchiefMHs: ..
(26:24 / All) cIanLYGchiefMHs: lmfao
(26:26 / All) IWinULose: My allies are dead with no help from you, baby back bitch
(26:26 / All) JONNY-TRUE-LOVE: lol
(26:28 / All) cIanLYGchiefMHs: only to FAIL
(26:49 / All) JONNY-TRUE-LOVE: i made 1 hero
(26:51 / All) JONNY-TRUE-LOVE: and we won
(26:53 / All) JONNY-TRUE-LOVE: easy win
(27:00 / All) JONNY-TRUE-LOVE: orc rape
(27:14 / All) TheBarbarian: never catch your chickens UNTIL they hatch
(28:25 / All) JONNY-TRUE-LOVE: they lost to mass wyvern
(28:26 / All) JONNY-TRUE-LOVE: LOL
(28:33 / All) IWinULose: you lost to mass wyvern
(28:41 / All) JONNY-TRUE-LOVE: when
(28:49 / All) JONNY-TRUE-LOVE: im runnin around with fs
(29:03 / All) JONNY-TRUE-LOVE: now green amd oj
(29:04 / All) JONNY-TRUE-LOVE: fight
(29:11 / All) JONNY-TRUE-LOVE: for theere prode
(29:18 / All) JONNY-TRUE-LOVE: they al fighting
(29:21 / All) JONNY-TRUE-LOVE: ima fight 2
(29:28 / All) JONNY-TRUE-LOVE: purple u bivch
(29:30 / All) JONNY-TRUE-LOVE: LOL
(29:51 / All) JONNY-TRUE-LOVE: LOL
(29:53 / All) JONNY-TRUE-LOVE: fuck u purp
(30:35 / All) JONNY-TRUE-LOVE: purp blew m entire towers
(30:37 / All) JONNY-TRUE-LOVE: that bitch
(31:38 / All) JONNY-TRUE-LOVE: orange want to ally?
(31:48 / All) JONNY-TRUE-LOVE: lol
(31:49 / All) CARL-SHOT-RICK: ya,
(31:51 / All) JONNY-TRUE-LOVE: kk
(31:52 / All) CARL-SHOT-RICK: greenneeds to die first tho
(31:54 / All) CARL-SHOT-RICK: fucking nigger
(32:00 / All) JONNY-TRUE-LOVE: idk purple
(32:03 / All) JONNY-TRUE-LOVE: seems stronger
(33:15 / All) JONNY-TRUE-LOVE: purple seems to be fuckign shit up
(33:51 / All) JONNY-TRUE-LOVE: LOL
(33:54 / All) politcly_corect: :)
(33:56 / All) politcly_corect: remember
(33:58 / All) JONNY-TRUE-LOVE: :)
(33:59 / All) politcly_corect: it take 3
(34:01 / All) politcly_corect: lol
(34:03 / All) politcly_corect: THREE!!!
(34:40 / All) JONNY-TRUE-LOVE: bm down
(34:42 / All) CARL-SHOT-RICK: nooobbbb
(34:46 / All) politcly_corect: THREE!!
(34:51 / All) JONNY-TRUE-LOVE: ok we need take purple down now
(35:24 / All) CARL-SHOT-RICK: green is such a nigger, game is over
(35:28 / All) CARL-SHOT-RICK: he is fighting to the last peon
(35:42 / All) JONNY-TRUE-LOVE: LOL
(37:46 / All) CARL-SHOT-RICK: nice base build pink wtf
(37:53 / All) JONNY-TRUE-LOVE: 4 blade storms
(37:55 / All) JONNY-TRUE-LOVE: killl all that
(37:58 / All) JONNY-TRUE-LOVE: With invulvs
(39:56 / All) CARL-SHOT-RICK: purple is killing blue
(40:03 / All) JONNY-TRUE-LOVE: LOL
(40:05 / All) politcly_corect: and oj killed me
(40:07 / All) politcly_corect: lol
(41:36 / All) politcly_corect: lol
(43:18 / All) TheBarbarian: oh shieeet
(43:23 / All) TheBarbarian: gonna need some big boys for yellow!
(43:30 / All) CARL-SHOT-RICK: justnoticed his ass 5 minago
(43:57 / All) JONNY-TRUE-LOVE: stand off
(44:00 / All) JONNY-TRUE-LOVE: purp and oj
(44:08 / All) TheBarbarian: no
(44:11 / All) TheBarbarian: you green and yellow
(44:35 / All) politcly_corect: he tpd dipshit
(44:41 / All) politcly_corect: why dust?
(46:53 / All) politcly_corect: ur not needed
(49:21 / All) CARL-SHOT-RICK: love tap time
(49:57 / All) CARL-SHOT-RICK: hex dontwork onaly
(51:30 / All) CARL-SHOT-RICK: johnny do u know kodos
(53:04 / All) CARL-SHOT-RICK: scout yellow
(55:18 / All) TheBarbarian: YOU LITTLE RASCAL
(55:24 / All) CARL-SHOT-RICK: prick dont give up
(55:34 / All) TheBarbarian: HE'S TOO DUMB TO QUIT
(56:08 / All) TheBarbarian: NICE TRY FUCKFACe
(59:26 / All) cIanLYGchiefMHs: imagine how bad u guys would be if you didnt have map hack...lmfao
(59:28 / All) cIanLYGchiefMHs: losers.
(59:30 / All) cIanLYGchiefMHs: hahaha
(59:35 / All) TheBarbarian: lol
(59:43 / All) TheBarbarian: goblin shop is map hacking now
(59:44 / All) cIanLYGchiefMHs: purp u sad bro
(59:46 / All) cIanLYGchiefMHs: hahahaha
(60:01 / All) CARL-SHOT-RICK: yellow u are a dick
(60:03 / All) CARL-SHOT-RICK: a total dick
(60:05 / All) cIanLYGchiefMHs: hahahaha
(60:10 / All) cIanLYGchiefMHs: map hackers FAIL
(60:12 / All) cIanLYGchiefMHs: bahahahaha
(60:22 / All) cIanLYGchiefMHs: mhmhmhmhmhmh
(60:24 / All) politcly_corect: i guess pink failed then
(60:33 / All) CARL-SHOT-RICK: thats just 100% luck
(60:39 / All) cIanLYGchiefMHs: nah
(60:42 / All) cIanLYGchiefMHs: all 4 u mh
(60:44 / All) cIanLYGchiefMHs: still blow
(60:46 / All) cIanLYGchiefMHs: lmfao
(60:46 / All) politcly_corect: 100% predictable
(60:53 / All) cIanLYGchiefMHs: all 4 mh
(60:55 / All) cIanLYGchiefMHs: and pink
(60:57 / All) cIanLYGchiefMHs: bahahahaha
(61:03 / All) cIanLYGchiefMHs: well i did my job
(61:06 / All) cIanLYGchiefMHs: drown this game out
(61:09 / All) politcly_corect: which was?
(61:10 / All) cIanLYGchiefMHs: so u cant play
(61:11 / All) cIanLYGchiefMHs: hahahaha
(61:14 / All) cIanLYGchiefMHs: BHAHAHAHAHA
(61:15 / All) politcly_corect: lol
(61:16 / All) cIanLYGchiefMHs: fags
(61:18 / All) cIanLYGchiefMHs: MORONS
(61:19 / All) politcly_corect: I am eating dinner
(61:20 / All) cIanLYGchiefMHs: LMFAO
(61:22 / All) politcly_corect: lol
(61:25 / All) cIanLYGchiefMHs: eat out of palm
(61:26 / All) politcly_corect: fag
(61:26 / All) cIanLYGchiefMHs: hahahahaha
(61:29 / All) cIanLYGchiefMHs: like baby birds
(61:32 / All) cIanLYGchiefMHs: bahahahahaha
(61:38 / All) cIanLYGchiefMHs: have fun?
(61:45 / All) politcly_corect: already are
(61:52 / All) cIanLYGchiefMHs: i am
(61:54 / All) cIanLYGchiefMHs: bahahahahaha
(62:17 / All) cIanLYGchiefMHs: longest game in hostory vs map hackers
(62:18 / All) cIanLYGchiefMHs: :D
(62:24 / All) cIanLYGchiefMHs: buahahaha
(62:27 / All) cIanLYGchiefMHs: muahahahaha
(62:29 / All) cIanLYGchiefMHs: buahahahahaha
(62:38 / All) CARL-SHOT-RICK: all my games are long
(62:41 / All) CARL-SHOT-RICK: im good with long things
(62:44 / All) cIanLYGchiefMHs: jajajajajaja
(62:54 / All) cIanLYGchiefMHs: u guys should try playing without MH
(62:57 / All) cIanLYGchiefMHs: its more challenging
(62:59 / All) cIanLYGchiefMHs: losers
(63:13 / All) cIanLYGchiefMHs: if only bnet cared...
(63:18 / All) cIanLYGchiefMHs: all 4 u would be banned
(63:20 / All) cIanLYGchiefMHs: ....
(63:50 / All) cIanLYGchiefMHs: where green?
(63:57 / All) TheBarbarian: dead
(63:59 / All) cIanLYGchiefMHs: havent seen in awhile
(64:01 / All) cIanLYGchiefMHs: lol
(64:02 / All) CARL-SHOT-RICK: i killed him 30 min ago
(64:07 / All) cIanLYGchiefMHs: BAHAHAHAHAHA
(64:15 / All) cIanLYGchiefMHs: sad
(64:22 / All) CARL-SHOT-RICK: he disrespected my family name
(64:24 / All) CARL-SHOT-RICK: so he had to go
(64:31 / All) cIanLYGchiefMHs: poor guy
(64:33 / All) cIanLYGchiefMHs: :(
(64:54 / All) cIanLYGchiefMHs: well cya guys next game!
(64:57 / All) cIanLYGchiefMHs: peace out!
(66:30 / All) JONNY-TRUE-LOVE: WTF
(66:31 / All) JONNY-TRUE-LOVE: LOL
(77:51 / All) TheBarbarian: to the winds
(77:53 / All) TheBarbarian: yeehaw
(85:53 / All) CARL-SHOT-RICK: oh